 Dungeon Crawl Stone Soup version 0.22.1-1-ga44c0e5 (webtiles) character file.

99 Zebedee the Ogre Mage (level 4, -3/40 HPs)
             Began as an Ogre Fire Elementalist on Oct 12, 2018.
             Killed from afar by an orc wizard (8 damage)
             ... with a magic dart
             ... on level 3 of the Dungeon.
             The game lasted 00:05:22 (3312 turns).

Zebedee the Ogre Mage (Ogre Fire Elementalist)      Turns: 3312, Time: 00:05:23

Health: -3/40      AC:  3    Str: 13    XL:     4   Next: 72%
Magic:  9/9        EV: 10    Int: 16    God:
Gold:   153        SH:  0    Dex:  9    Spells: 6/10 levels left

rFire    . . .     SeeInvis .   v - +0 blowgun
rCold    . . .     Gourm    .   (no shield)
rNeg     . . .     Faith    .   a - +0 robe
rPois    .         Spirit   .   (helmet restricted)
rElec    .         Reflect  .   (no cloak)
rCorr    .         Harm     .   (gloves unavailable)
MR       .....                  (boots unavailable)
Stlth    +.........             (no amulet)
HPRegen  0.13/turn              l - ring of flight
MPRegen  0.11/turn              (no ring)

@: no status effects
A: large, unfitting armour, tough skin 1
a: Evoke Flight


You were on level 3 of the Dungeon.
You were not hungry.

You visited 1 branch of the dungeon, and saw 3 of its levels.

You collected 153 gold pieces.

Inventory:

Hand Weapons
 d - a +0 short sword
 n - a cursed -2 spear
 v - a +0 blowgun (weapon)
Missiles
 b - 34 stones
 w - 8 poisoned needles (quivered)
Armour
 a - a +0 robe (worn)
Jewellery
 l - a ring of flight (left hand)
Wands
 u - a wand of random effects (13)
Scrolls
 f - 2 scrolls of amnesia {unknown}
 h - a scroll of identify {unknown}
 j - 3 scrolls of teleportation {unknown}
 m - a scroll of enchant weapon {unknown}
 o - a scroll of remove curse {unknown}
 p - a scroll of enchant armour {unknown}
 r - a scroll of magic mapping {unknown}
 s - a scroll of immolation {unknown}
Potions
 e - 2 potions of heal wounds
 g - a potion of cancellation {unknown}
 i - a potion of mutation {unknown}
 k - 4 potions of curing {unknown}
 q - a potion of agility {unknown}
Comestibles
 c - 4 rations
 t - 8 chunks of flesh


   Skills:
 + Level 0.7 Fighting
 - Level 0.8 Short Blades
 - Level 1.7 Dodging
 - Level 1.4 Stealth
 * Level 3.7 Spellcasting
 * Level 1.9 Conjurations
 + Level 3.4 Fire Magic


You had 6 spell levels left.
You knew the following spells:

 Your Spells              Type           Power        Failure   Level  Hunger
a - Flame Tongue          Conj/Fire      ##...        6%          1    None
b - Conjure Flame         Conj/Fire      ##......     17%         3    ###....

Your spell library contained the following spells:

 Spells                   Type           Power        Failure   Level  Hunger
 Throw Flame              Conj/Fire      ##....       9%          2    ##.....
 Inner Flame              Hex/Fire       #.......     26%         3    ###....
 Sticky Flame             Conj/Fire      ##......     50%         4    ####...
 Fireball                 Conj/Fire      ##........   85%         5    ######.


Dungeon Overview and Level Annotations

Branches:
Dungeon (3/15)

Altars:
Okawaru
Qazlal
Wu Jian

Annotations:
D:2 Terence


Innate Abilities, Weirdness & Mutations

You are too large for most types of armour.
You have tough skin. (AC +1)


Message History

The orc wizard looks more healthy.
The orc priest looks more healthy.
The orc priest mumbles some strange prayers to Beogh against you.
Beogh smites you!
* * * LOW HITPOINT WARNING * * *
You kill the orc!
The orc wizard mumbles some strange words.
The orc wizard blinks!
The orc priest looks encouraged for a moment.
You kill the orc!
The orc wizard mumbles some strange words.
The orc wizard blinks!
The orc priest invokes the aid of Beogh against you.
Beogh smites you!
* * * LOW HITPOINT WARNING * * *
The orc priest begins to cast a cantrip, but forgets the words!
The orc wizard gestures wildly while chanting.
The orc wizard blinks!
The orc wizard points at you and mumbles some strange words.
The magic dart hits you!
You die...

#######..####.#.#.#
#...≈)≈...........#
#.8.≈≈≈.......#...# ###
#8_8..............# ..
#.8.≈≈≈...........###########.#
#...≈)≈...............÷.....#.##
#######..........♣..###........#
#...........♣_♣†# #........#
#.......(...@♣..###........#
#................##........#
#..........#..##.##........##
#.......(....o.#.##..........
..........##.#.#.##..........
......##.#§#.##..........
.#..(##.#.#.######.#.#.. .
#...####.#o######.#.#.. ((.
#..)....#......o.#.#..


You could see an orc wizard.

Vanquished Creatures
  Natasha (D:3)
  An adder (D:2)
  A worm (D:2)
  5 dart slugs
  2 leopard geckos (D:3)
  3 orcs (D:3)
  5 bats
  6 goblins
  5 hobgoblins
  6 jackals
  5 kobolds
  A quokka (D:2)
  A ball python (D:2)
  4 rats
46 creatures vanquished.

Notes
Turn   | Place    | Note
-------+----------+-------------------------------------------
     0 | D:1      | Zebedee the Ogre Fire Elementalist began the quest for the
                  | Orb.
     0 | D:1      | Reached XP level 1. HP: 16/16 MP: 3/3
   213 | D:1      | Reached skill level 1 in Conjurations
   534 | D:1      | Reached XP level 2. HP: 24/24 MP: 5/5
  1291 | D:1      | Reached XP level 3. HP: 23/31 MP: 2/7
  1741 | D:2      | Learned a level 3 spell: Conjure Flame
  1761 | D:2      | Found an ornate altar of the Wu Jian Council.
  1969 | D:2      | Noticed Terence
  2558 | D:2      | Found a stormy altar of Qazlal.
  2956 | D:3      | Reached XP level 4. HP: 40/40 MP: 7/9
  3076 | D:3      | Found an iron altar of Okawaru.
  3088 | D:3      | Found a faded altar of an unknown god.
  3120 | D:3      | Noticed Natasha
  3131 | D:3      | Killed Natasha
  3283 | D:3      | HP: 1/40 [orc priest/divine providence (9)]
  3312 | D:3      | Killed from afar by an orc wizard

Skill      XL: |  1  2 |
---------------+-------+-----
Conjurations   | 1 |  1.9
Fire Magic     | 3 |  3.4
Spellcasting   | 3 |  3.7
Fighting       | |  0.7
Short Blades   | |  0.8
Dodging        | |  1.7
Stealth        | |  1.4

Action                   |  1- 3 |  4- 6 || total
-------------------------+-------+-------++-------
Melee: Short sword       |    65 |       ||    65
 Fire: Blowgun           |       |    28 ||    28
Throw: Stone             |     2 |       ||     2
 Cast: Flame Tongue      |    44 |    16 ||    60
       Conjure Flame     |     1 |       ||     1
 Stab: Sleeping          |     3 |       ||     3
  Eat: Chunk             |     6 |     1 ||     7
Armor: Robe              |    39 |     5 ||    44
Dodge: Dodged            |    53 |    19 ||    72
